Map: Ruby Rock LE

Players

HiSpdLoDrag

  • Race: Terran Terran
  • League: Diamond
  • Spawn Location: 11:00

HoldTheDoor - Winner!

  • Race: Protoss Protoss
  • League: Diamond
  • Spawn Location: 5:00

VOD

Have the link to the VOD?

Description

Time

  • Played on: May 12, 2026, 1:25 p.m.
  • Length: 14:13
Show
View Real Time Build Order
Export as new Build Order

HiSpdLoDrag Terran 

Build Orders: Reaper Expand 

Get SALT Encoding   

  12  0:00  SCV  
  13  0:12  SCV  
  14  0:17  Supply Depot  
  14  0:24  SCV  
  15  0:39  SCV  
  15  0:40  Barracks  
  16  0:43  Refinery  
  16  0:51  SCV  
  17  1:03  SCV  
  18  1:15  SCV  
  19  1:28  Reaper  
  19  1:30  Orbital Command  
  20  1:49  Command Center  
  20  1:56  Supply Depot  
  20  2:03  SCV  
  20  2:04  Barracks Reactor  
  21  2:15  Bunker  
  21  2:16  SCV  
  22  2:27  Factory  
  22  2:40  Marine  
  22  2:41  Marine  
  22  2:42  SCV  
  25  2:47  Barracks  
  25  2:49  Refinery  
  25  2:53  Barracks  
  25  3:02  Orbital Command  
  25  3:07  Marine x2  
  25  3:10  Factory Tech Lab  
  27  3:24  SCV  
  27  3:26  Marine x2  
  30  3:32  SCV  
  31  3:35  Cyclone  
  31  3:37  Barracks Tech Lab  
  31  3:41  Barracks Tech Lab  
  34  3:49  Marine x2  
  34  3:51  SCV x2  
  38  3:58  Stimpack  
  38  4:01  Combat Shield  
  38  4:03  SCV  
  38  4:06  SCV  
  40  4:17  Starport  
  40  4:19  SCV, Marine x2  
  40  4:22  Marauder  
  45  4:27  Refinery  
  45  4:35  Supply Depot  
  47  4:38  Marauder  
  47  4:44  Command Center  
  47  4:45  SCV  
  47  4:50  Siege Tank  
  51  5:01  Starport Reactor  
  51  5:05  Marauder x2  
  55  5:11  SCV, Supply Depot  
  55  5:13  Supply Depot  
  56  5:14  Marine  
  56  5:17  Marine  
  56  5:19  SCV  
  59  5:30  Siege Tank  
  62  5:35  Supply Depot  
  62  5:41  SCV x2  
  64  5:50  Medivac x2  
  64  5:54  SCV x2  
  70  6:00  Orbital Command  
  70  6:07  Refinery  
  70  6:10  Siege Tank  
  73  6:13  SCV x2  
  75  6:21  Engineering Bay  
  75  6:22  Engineering Bay  
  75  6:34  Marine x2, Marauder x2  
  75  6:36  Medivac  
  75  6:37  Medivac  
  85  6:49  Orbital Command  
  85  6:50  Supply Depot  
  85  6:54  Marine x2  
  85  6:55  Marine, Supply Depot, Marauder  
  90  7:17  Marine x2  
  92  7:25  SCV x2  
  92  7:29  Terran Infantry Weapons Level 1, Terran Infantry Armor Level 1  
  94  7:31  Armory  
  94  7:32  SCV  
  94  7:34  Armory  
  94  7:36  Viking x2  
  98  7:45  SCV x2  
  98  7:50  SCV  
  101  7:53  Supply Depot  
  101  7:55  Marauder x2, Marine x2, Refinery  
  101  7:57  SCV x2  
  109  8:04  SCV  
  110  8:09  SCV  
  110  8:11  Viking x2, Missile Turret  
  115  8:17  SCV  
  116  8:22  Terran Vehicle Weapons Level 1, Terran Vehicle And Ship Armor Level 1  
  116  8:23  Refinery  
  116  8:41  Marine x3  
  116  8:42  Marauder  
  121  8:48  Barracks  
  121  8:49  SCV  
  121  8:50  Barracks x2, Viking  
  124  9:00  SCV  
  125  9:13  SCV x2  
  125  9:28  SCV  
  125  9:29  Marine x2, SCV  
  125  9:43  Barracks Tech Lab, Barracks Reactor  
  125  9:44  Barracks Tech Lab  
  125  9:46  Terran Infantry Weapons Level 2, Terran Infantry Armor Level 2  
  125  9:47  Supply Depot  
  125  9:50  Supply Depot  
  125  9:51  Marine, Viking, SCV, Siege Tank  
  125  9:52  Command Center  
  132  10:05  Command Center  
  132  10:06  SCV x3  
  135  10:09  Marine x3  
  135  10:10  Marine, Marauder x2  
  135  10:11  Concussive Shells  
  143  10:18  SCV  
  81  10:48  Marine x4  
  77  10:53  SCV  
  77  10:56  Marine  
  77  10:57  Marine x3  
  79  10:59  Siege Tank  
  85  11:05  Marine  
  85  11:06  Marine x3  
  80  11:15  Marauder x4  
  79  11:23  Marine x2  
  79  11:24  Marine x2  
  83  11:32  Medivac  
  83  11:36  Marauder x4  
  80  11:41  Marine x3  
  59  11:55  Marine  
  59  11:59  Marine x2  
  59  12:00  Marine x5  
  60  12:04  Medivac  
  62  12:18  Marauder x2  
  62  12:20  Supply Depot, Orbital Command, Medivac  
  68  12:33  Marine x3  
  68  12:34  Marine x2  
  68  12:35  Marauder  
  75  12:39  Marine  
  75  12:42  Marine  
  77  12:51  Marine  
  77  12:52  Marine x4  
  82  13:02  Marauder x2  
  86  13:08  SCV x2  
  78  13:20  SCV  
Show
View Real Time Build Order
Export as new Build Order

HoldTheDoor Protoss - Winner!

Build Orders: 1 Gate Expand, Colossus Rush 

Get SALT Encoding   

  12  0:00  Probe  
  13  0:12  Probe  
  14  0:17  Pylon  
  14  0:24  Probe  
  15  0:32  Probe  
  15  0:40  Probe  
  15  0:41  Gateway  
  16  0:49  Assimilator  
  17  0:50  Probe  
  18  1:03  Probe  
  19  1:07  Pylon  
  19  1:15  Probe  
  20  1:34  Nexus  
  20  1:35  Cybernetics Core  
  20  1:37  Probe  
  21  1:47  Assimilator  
  21  1:50  Pylon  
  21  1:52  Probe  
  22  2:02  Adept  
  22  2:05  Probe  
  25  2:15  Shield Battery  
  25  2:17  Probe  
  25  2:19  Warp Gate  
  26  2:29  Probe  
  27  2:36  Sentry  
  29  2:41  Probe  
  30  2:54  Probe, Pylon  
  30  2:55  Probe  
  32  2:59  Stalker, Shield Battery  
  34  3:08  Probe x2  
  36  3:15  Robotics Facility  
  36  3:20  Probe  
  36  3:22  Gateway  
  37  3:29  Gateway  
  37  3:30  Probe  
  38  3:35  Probe  
  39  3:42  Probe  
  39  3:47  Probe  
  41  3:49  Pylon  
  41  3:53  Assimilator  
  41  3:54  Probe  
  42  3:57  Pylon  
  42  3:59  Probe  
  43  4:03  Immortal  
  47  4:13  Robotics Bay, Probe x2  
  49  4:20  Assimilator  
  49  4:25  Probe x2, Zealot  
  49  4:26  Zealot  
  55  4:31  Twilight Council  
  55  4:37  Probe x2  
  57  4:43  Zealot  
  59  4:46  Sentry  
  59  4:48  Observer  
  59  4:52  Zealot, Charge, Probe  
  65  4:53  Probe  
  66  5:05  Probe x2  
  68  5:10  Zealot  
  70  5:14  Extended Thermal Lance  
  70  5:36  Pylon  
  70  5:40  Pylon  
  70  5:42  Gateway  
  70  5:44  Gateway  
  70  5:49  Templar Archives  
  70  5:51  Pylon  
  70  5:54  Colossus, Probe x2  
  70  5:55  Pylon  
  78  5:58  Pylon  
  78  6:00  Stargate  
  78  6:07  Probe x2  
  80  6:17  Zealot x3  
  86  6:19  Probe x2  
  88  6:26  Gateway  
  88  6:29  Gateway  
  88  6:30  Gateway  
  88  6:31  Probe  
  89  6:36  Nexus  
  89  6:43  Zealot  
  89  6:44  Zealot x2  
  95  6:48  Psionic Storm  
  95  6:58  Zealot x2  
  95  6:59  Colossus  
  99  7:02  Pylon  
  99  7:08  Pylon  
  99  7:14  Phoenix  
  106  7:45  Probe  
  106  7:46  Probe  
  108  7:55  Pylon, Colossus  
  108  7:58  Probe, Pylon, Phoenix  
  115  8:03  High Templar x3  
  115  8:04  High Templar  
  125  8:13  Probe  
  126  8:25  High Templar  
  128  8:27  Zealot x3  
  134  8:37  High Templar  
  134  8:38  Zealot x3  
  142  8:47  Assimilator  
  142  8:51  Forge  
  142  8:53  Gateway  
  142  8:55  Gateway  
  142  8:57  Gateway  
  142  8:58  Gateway  
  142  9:00  Gateway  
  142  9:03  Gateway  
  142  9:05  Gateway  
  142  9:06  Gateway  
  142  9:07  Zealot x5  
  142  9:08  Pylon  
  145  9:28  Zealot x6  
  145  9:29  Zealot x2  
  157  9:36  Photon Cannon  
  155  9:50  Photon Cannon  
  155  9:52  Photon Cannon, Probe x2  
  157  9:57  Photon Cannon  
  157  9:58  Phoenix  
  159  10:02  Stalker x2  
  113  10:46  Stalker x4  
  113  10:47  Stalker x9  
  137  10:56  Phoenix  
  113  11:21  Phoenix  
  113  11:24  Immortal  
  95  12:04  Stalker  
  95  12:05  Stalker x9  
  95  12:06  Stalker x4  
  123  12:09  Phoenix  
  123  12:14  Probe x2  
  127  12:32  Assimilator  
  127  12:34  Pylon  
  127  12:38  Photon Cannon, High Templar  
  127  12:39  High Templar x4  
  127  12:40  Photon Cannon  
  127  12:41  High Templar  
  139  12:44  Archon x2  
  139  12:50  Immortal  
  143  13:08  Nexus  
  143  13:11  Pylon  
  143  13:12  Pylon  
  143  13:14  Pylon  
  143  13:16  Pylon  
  142  13:27  Stalker  
  142  13:28  Stalker x3  
  142  13:31  Photon Cannon  
  140  13:50  Zealot x8  
  140  13:51  Zealot x3  
  140  13:52  Zealot  
Tags
 
Add a new tag
Caveats
  • Supply blocks, unpowered buildings, or Contaminate may cause inaccurate times.
  • Supply counts are checked every 10 seconds.